 Dungeon Crawl Stone Soup version 0.27.1-34-g3ba077fa99 (webtiles) character file.

Game seed: 16186976150700351725

40379 Sharkman1231 the Fighter (level 14, -6/92 HPs)
             Began as a Kobold Brigand on Jan 21, 2022.
             Was a High Priest of Makhleb.
             Mangled by Dirphi Vium's ghost (14 damage)
             ... on level 13 of the Dungeon on Jan 22, 2022.
             The game lasted 00:30:02 (19000 turns).

Sharkman1231 the Fighter (Kobold Brigand)          Turns: 19000, Time: 00:30:03

Health: -6/92      AC: 18    Str: 16      XL:     14   Next: 44%
Magic:  27/27      EV: 19    Int: 16      God:    Makhleb [*****.]
Gold:   282        SH:  0    Dex: 18 (19) Spells: 31/31 levels left

rFire    + . .     SeeInvis .   a - +2 short sword (elec)
rCold    + + .     Faith    .   (shield restricted)
rNeg     + . .     Spirit   .   n - +3 ring mail of Durable Curiosity {Fly rC+ rN+ Regen+}
rPois    .         Reflect  .   S - +1 helmet {Int+3}
rElec    .         Harm     .   c - +0 cloak
rCorr    .         Rampage  +   F - +1 pair of gloves
Will     +....                  R - +2 pair of boots {rampage}
Stlth    +++++.....             (no amulet)
HPRegen  1.25/turn              L - ring "Kynoulal" {rF+ rC+}
MPRegen  0.20/turn              A - +6 ring of strength

@: lethally poisoned (-6 -> -7), flying
A: small, no large weapons, nightstalker 3
a: Renounce Religion, Minor Destruction, Lesser Servant of Makhleb, Major
Destruction, Greater Servant of Makhleb


You were on level 13 of the Dungeon.
You worshipped Makhleb.
Makhleb was extremely pleased with you.
You visited 1 branch of the dungeon, and saw 14 of its levels.
You also visited: Sewer and Bailey.

You collected 1764 gold pieces.
You spent 1482 gold pieces at shops.

Inventory:

Hand Weapons
 a - a +2 short sword of electrocution (weapon)
 k - a +3 dagger
 M - a +1 dagger of venom
Missiles
 d - 164 poisoned darts
 e - 23 curare-tipped darts (quivered)
Armour
 c - a +0 cloak (worn)
 n - the +3 ring mail of Durable Curiosity (worn) {Fly rC+ rN+ Regen+}
   (You found it on level 6 of the Dungeon)

   rC:        It protects you from cold.
   rN:        It protects you from negative energy.
   Fly:       It grants you flight.
   Regen:     It increases your rate of health regeneration.
 B - +0 ice dragon scales
 F - a +1 pair of gloves (worn)
 R - a +2 pair of boots of rampaging (worn)
 S - a +1 helmet of intelligence (worn)
Jewellery
 g - a ring of resist corrosion
 A - a +6 ring of strength (right hand)
 J - a ring of poison resistance
 L - the ring "Kynoulal" (left hand) {rF+ rC+}
   (You bought it in a shop on level 8 of the Dungeon)

   [ring of protection from cold]

   rF:        It protects you from fire.
   rC:        It protects you from cold.
 N - a ring of magical power
Wands
 i - a wand of iceblast (15)
 m - a wand of digging (3)
 Q - a wand of flame (35)
Scrolls
 j - 6 scrolls of enchant weapon
 r - 6 scrolls of enchant armour
 u - 2 scrolls of vulnerability
 w - 2 scrolls of magic mapping
 y - 2 scrolls of brand weapon
 z - 3 scrolls of teleportation
 C - 2 scrolls of fear
 G - 4 scrolls of blinking
 H - a scroll of noise {unknown}
 I - a scroll of fog
 O - 3 scrolls of immolation
Potions
 f - 2 potions of magic
 h - a potion of haste
 l - 2 potions of attraction {unknown}
 o - 2 potions of lignification
 q - 2 potions of might
 s - 7 potions of curing
 t - 6 potions of flight
 v - 3 potions of brilliance
 x - 11 potions of ambrosia
 D - 3 potions of heal wounds
 E - 2 potions of resistance
 K - a potion of cancellation {unknown}
 P - 3 potions of mutation
Miscellaneous
 p - a phial of floods


   Skills:
 + Level 12.7 Fighting
 - Level 10.0 Short Blades
 - Level 5.0 Throwing
 - Level 6.0 Armour
 - Level 10.0 Dodging
 - Level 12.0 Stealth
 - Level 9.1 Spellcasting
 - Level 10.0 Invocations
 - Level 7.0 Evocations


You had 31 spell levels left.
You didn't know any spells.
Your spell library contained the following spells:

 Spells                   Type           Power      Damage    Failure   Level
 Sting                    Tmut/Pois      28%        1d4       17%         1
 Summon Small Mammal      Summ           28%        N/A       17%         1
 Ensorcelled Hibernation  Hex/Ice        14%        N/A       26%         2
 Poisonous Vapours        Pois/Air       14%        N/A       26%         2
 Call Canine Familiar     Summ           7%         N/A       45%         3
 Gell's Gravitas          Tloc           3%         N/A       45%         3
 Lesser Beckoning         Tloc           3%         N/A       45%         3
 Portal Projectile        Hex/Tloc       14%        N/A       45%         3
 Stone Arrow              Conj/Erth      14%        3d7       45%         3
 Summon Guardian Golem    Hex/Summ       7%         N/A       45%         3
 Teleport Other           Tloc           7%         N/A       45%         3
 Cause Fear               Hex            3%         N/A       86%         4
 Olgreb's Toxic Radiance  Pois           7%         N/A       86%         4
 Bolt of Magma            Conj/Fire/Erth 3%         4d5       99%         5
 Iskenderun's Battlesphe  Conj           7%         2d6       99%         5
 Iron Shot                Conj/Erth      3%         9d2       100%        6
 Spellforged Servitor     Conj/Summ      3%         N/A       100%        7
 Shatter                  Erth           3%         3d7*      100%        9


Dungeon Overview and Level Annotations

Branches:
Dungeon (14/15)            Temple (0/1) D:4            Lair (0/6) D:8
    Orc (0/2) D:10         Vaults (0/5) D:13          Sewer (visited)
 Bailey (visited)

Altars:
Ashenzari
Cheibriados
Dithmenos
Elyvilon
Gozag
Kikubaaqudgha
Makhleb
Nemelex Xobeh
Okawaru
Ru
Sif Muna
Trog
Vehumet

Shops:
D:4 =   D:6 *=[[?   D:7 :=:*(   D:8 =   D:12 (

Portals:
Trove: D:10 (give +2 gold dragon scales)

Annotations:
D:13 Dirphi Vium's ghost, journeyman MiBe


Innate Abilities, Weirdness & Mutations

You are small and have problems with some larger weapons.
You are completely attuned to the shadows.


Message History

Dirphi Vium's ghost is heavily damaged.
You feel very sick.
Your hellwing barely misses Dirphi Vium's ghost.
Your hellwing hits Dirphi Vium's ghost but does no damage.
Dirphi Vium's ghost hits you!
You are more poisoned.
You barely miss Dirphi Vium's ghost.
Dirphi Vium's ghost is heavily damaged.
You feel very sick.
Your hellwing completely misses Dirphi Vium's ghost.
Your hellwing barely misses Dirphi Vium's ghost.
Dirphi Vium's ghost hits you!!
You are lethally poisoned!
You hit Dirphi Vium's ghost but do no damage.
Lightning courses through Dirphi Vium's ghost!
Dirphi Vium's ghost is severely damaged.
* * * LOW HITPOINT WARNING * * *
You feel extremely sick.
* * * LOW HITPOINT WARNING * * *
You feel extremely sick.
Your hellwing completely misses Dirphi Vium's ghost.
Your hellwing closely misses Dirphi Vium's ghost.
You feel better.
Your hellwing completely misses Dirphi Vium's ghost.
Your hellwing barely misses Dirphi Vium's ghost.
Dirphi Vium's ghost hits you.
* * * LOW HITPOINT WARNING * * *
You are poisoned.
Unknown command.
You feel very sick.
Your hellwing barely misses Dirphi Vium's ghost.
Your hellwing closely misses Dirphi Vium's ghost.
You feel very sick.
You feel sick.
You feel sick.
Dirphi Vium's ghost screams in joy, "As in life, so in death: Kill!
Kill!!
Kill!!!"
You feel sick.
You feel sick.
You feel sick. Dirphi Vium's ghost hits you!
You die...

*********** *,****#.##
*,,,,,,,..# #.# #.## #
#.******#.# #.#####.## # #.#
#.####.##...... # #.#
#####.##.#.......## #
###.###.))..........##### #
#........##....[.#### # #
#.#.###..##.#...## # #
*,#..4.W@...##)## #####
*,##.###.#####.# #...# *,#...*#.#
*,* ....# *..#.#.#.# **'** #..<#
*........# **,,,** # ##.##
**,*,*,*****,,,,,** ## ##.#
**,,,** **,,,,,,,** ##.
##.####****,,,****,,,,,,,,,**##..
.......,,,,,,,,,,',,,,,,,,,+,....


You could see Dirphi Vium's ghost (ally target) and a friendly hellwing
(summoned).

Vanquished Creatures
  Rupert (D:13)
  Kirke (D:12)
  An orc warlord (Bailey)
  Azrael (D:12)
  A hydra (D:11)
  An ogre mage (D:13)
  2 centaur warriors
  A tengu warrior (D:13)
  6 two-headed ogres
  2 orc knights (D:13)
  4 cyclopes
  2 manticores (D:11)
  5 kobold demonologists
  2 komodo dragons
  A queen bee (D:11)
  7 trolls
  A hornet (D:9)
  Grinder (D:3)
  12 slime creatures
  3 shadows
  11 yaks
  A vampire (D:11)
  A yak (shapeshifter) (D:13)
  Eustachio (D:5)
  15 humans (D:13)
  A fire elemental (D:12)
  4 hogs (D:12)
  2 steam dragons
  3 vampire mosquitoes (D:12)
  2 hell hounds (D:12)
  2 acid dragons
  2 ice beasts
  4 orc warriors
  A sky beast (D:8)
  2 ogres
  14 centaurs
  2 phantoms
  2 wolves (D:8)
  14 kobold brigands
  4 bullfrogs
  A gnoll sergeant (D:9)
  A wyvern skeleton (D:7)
  31 killer bees
  13 wights
  5 howler monkeys
  An electric eel (D:8)
  3 bullfrog zombies (D:6)
  A centaur zombie (D:9)
  2 centaur skeletons
  2 jellies (D:6)
  4 orc priests
  2 bullfrog skeletons
  8 hounds
  An iguana (D:5)
  7 orc wizards
  A hound zombie (D:5)
  2 hound skeletons
  2 howler monkey zombies (D:7)
  7 gnolls
  2 river rats (Sewer)
  2 adders
  A shadow imp (D:6)
  A white imp (D:7)
  An adder skeleton (D:4)
  3 worms
  2 dart slugs (D:2)
  37 orcs
  13 endoplasms
  5 giant cockroaches
  12 goblins
  16 hobgoblins
  A jackal (Sewer)
  3 quokkas
  10 ball pythons
  5 bats
  3 frilled lizards (D:1)
  27 kobolds
  8 rats
389 creatures vanquished.

Vanquished Creatures (collateral kills)
  2 hogs (D:12)
  A human (D:13)
  2 fire elementals (D:12)
  3 hell hounds (D:12)
8 creatures vanquished.

Vanquished Creatures (others)
  An orc (D:10)
  2 kobolds (D:12)
  2 fungi (D:13)
  2 plants (D:13)
7 creatures vanquished.

Grand Total: 404 creatures vanquished

Notes
Turn   | Place    | Note
-------+----------+-------------------------------------------
     0 | D:1      | Sharkman1231 the Kobold Brigand began the quest for the
                  | Orb.
     0 | D:1      | Reached XP level 1. HP: 12/12 MP: 1/1
   103 | D:1      | Reached XP level 2. HP: 16/18 MP: 2/2
   438 | D:1      | Reached XP level 3. HP: 22/22 MP: 3/3
  1704 | D:2      | Reached XP level 4. HP: 25/27 MP: 4/4
  3134 | D:3      | Found a burning altar of Makhleb.
  3162 | D:3      | Became a worshipper of Makhleb the Destroyer
  3363 | D:3      | Noticed Grinder
  3370 | D:3      | Killed Grinder
  3371 | D:3      | Reached skill level 1 in Invocations
  3371 | D:3      | Reached skill level 1 in Evocations
  3371 | D:3      | Reached XP level 5. HP: 32/32 MP: 4/6
  3371 | D:3      | Reached XP level 6. HP: 37/37 MP: 4/7
  3651 | D:3      | Found a snail-covered altar of Cheibriados.
  3959 | D:4      | Found Mufreng's Jewellery Boutique.
  4425 | D:4      | Found an iron altar of Okawaru.
  4427 | D:4      | Reached * piety under Makhleb
  4663 | D:4      | Found a staircase to the Ecumenical Temple.
  4890 | D:5      | Entered Level 5 of the Dungeon
  4916 | D:5      | Found a white marble altar of Elyvilon.
  4977 | D:5      | Found a glowing drain.
  4983 | Sewer    | Entered a sewer
  4990 | Sewer    | Reached XP level 7. HP: 42/42 MP: 8/8
  5266 | Sewer    | Found a glowing silver altar of Zin.
  5408 | D:5      | Reached skill level 5 in Short Blades
  5493 | D:5      | Found an opulent altar of Gozag.
  5500 | D:5      | Found a broken altar of Ashenzari.
  5859 | D:6      | Identified the +3 ring mail of Durable Curiosity {Fly rC+
                  | rN+ Regen+}
  5977 | D:6      | Found a shadowy altar of Dithmenos.
  6026 | D:6      | Reached XP level 8. HP: 44/48 MP: 10/10
  6111 | D:6      | Reached ** piety under Makhleb
  6213 | D:6      | Found a bloodstained altar of Trog.
  6261 | D:6      | Found an ancient bone altar of Kikubaaqudgha.
  6458 | D:6      | Reached skill level 5 in Dodging
  6501 | D:6      | Reached skill level 5 in Fighting
  6514 | D:6      | Noticed Eustachio
  6678 | D:5      | Killed Eustachio
  6679 | D:5      | Reached XP level 9. HP: 51/54 MP: 10/12
  6729 | D:6      | Paralysed by an orc for 3 turns
  6777 | D:6      | Found a sparkling altar of Nemelex Xobeh.
  6884 | D:6      | Found a shimmering blue altar of Sif Muna.
  7020 | D:6      | Found Gedirruch's Jewellery Boutique.
  7025 | D:6      | Found Liafal's Armour Boutique.
  7050 | D:6      | Found Xaten's Magic Scroll Shoppe.
  7055 | D:6      | Bought a scroll of brand weapon for 260 gold pieces
  7055 | D:6      | Bought a scroll of teleportation for 39 gold pieces
  7055 | D:6      | Bought a scroll of identify for 26 gold pieces
  7203 | D:6      | Found Juesok's General Store.
  7232 | D:6      | Found Noululen's Armour Shoppe.
  7756 | D:7      | Found Ydalosor's Book Emporium.
  7842 | D:7      | Found Ziujad's Book Shop.
  7862 | D:7      | Reached skill level 1 in Armour
  7870 | D:7      | Found Lilligo's Jewellery Shop.
  7928 | D:7      | Reached skill level 5 in Evocations
  8117 | D:7      | Reached *** piety under Makhleb
  8357 | D:7      | Found Ysiumoar's General Store.
  8363 | D:7      | Bought a potion of degeneration for 14 gold pieces
  8438 | D:7      | Found a sacrificial altar of Ru.
  8720 | D:7      | Found Ollorur's Antique Weapon Emporium.
  8854 | D:8      | Found Ymisoiff's Jewellery Emporium.
  8878 | D:8      | Reached skill level 5 in Invocations
  8957 | D:8      | Noticed a troll
  8971 | D:8      | Killed a troll
  8972 | D:8      | Reached XP level 10. HP: 27/60 MP: 13/13
  9356 | D:8      | Found a staircase to the Lair.
 10227 | D:9      | Reached **** piety under Makhleb
 10470 | D:9      | Reached skill level 10 in Stealth
 10495 | D:9      | Paralysed by a hornet for 3 turns
 10559 | D:9      | Noticed a two-headed ogre
 10581 | D:9      | Killed a two-headed ogre
 10582 | D:9      | Reached XP level 11. HP: 67/67 MP: 15/15
 10790 | D:9      | Got the Incunabulum of the Fisher
 11236 | D:10     | Entered Level 10 of the Dungeon
 11362 | D:10     | Found a portal to a secret trove of treasure.
 11437 | D:10     | Found a flagged portal.
 11451 | Bailey   | Entered a bailey
 11660 | Bailey   | Found a runed translucent gate.
 11661 | Bailey   | Found a runed translucent gate.
 11662 | Bailey   | Found a runed translucent gate.
 11762 | Bailey   | Noticed an orc warlord
 11894 | Bailey   | Killed an orc warlord
 11895 | Bailey   | Reached skill level 5 in Throwing
 11995 | D:10     | Reached skill level 5 in Armour
 11995 | D:10     | Reached XP level 12. HP: 75/75 MP: 16/18
 12000 | D:10     | Acquired 899 gold pieces
 12013 | D:10     | Found a radiant altar of Vehumet.
 12086 | D:8      | Bought the ring "Kynoulal" {rF+ rC+} for 429 gold pieces
 12229 | D:10     | Found a staircase to the Orcish Mines.
 12379 | D:10     | Reached ***** piety under Makhleb
 13247 | D:11     | Noticed an eight-headed hydra
 13259 | D:11     | Killed an eight-headed hydra
 13439 | D:11     | Noticed a two-headed ogre
 13466 | D:11     | Killed a two-headed ogre
 13467 | D:11     | Reached skill level 10 in Short Blades
 13467 | D:11     | Reached skill level 10 in Dodging
 13467 | D:11     | Reached XP level 13. HP: 61/80 MP: 19/19
 14268 | D:12     | Reached skill level 10 in Fighting
 14287 | D:12     | Found Taipp's Weapon Emporium.
 14328 | D:12     | Noticed Kirke
 14357 | D:12     | Killed Kirke
 14358 | D:12     | Reached skill level 10 in Invocations
 14425 | D:12     | Noticed a centaur warrior
 14440 | D:12     | HP: 4/82 [centaur warrior/arrow (3)]
 14445 | D:12     | Killed a centaur warrior
 14446 | D:12     | Noticed Azrael
 14504 | D:12     | Killed Azrael
 14505 | D:12     | Reached skill level 5 in Spellcasting
 15741 | D:13     | Identified the +2 robe "Gukichaa" {Harm rF+}
 16001 | D:13     | Noticed an ogre mage
 16270 | D:13     | Reached XP level 14. HP: 88/88 MP: 27/27
 16285 | D:13     | Found a runed translucent gate.
 16285 | D:13     | Found a runed translucent gate.
 16285 | D:13     | Found a runed translucent gate.
 16287 | D:13     | Noticed Dirphi Vium's ghost (journeyman MiBe)
 16317 | D:13     | Reached ****** piety under Makhleb
 16533 | D:13     | Noticed Rupert
 17012 | D:13     | Paralysed by Rupert for 6 turns
 17019 | D:13     | Killed Rupert
 17070 | D:13     | Found a gate to the Vaults.
 17931 | D:13     | HP: 4/92 [poisoned by Dirphi Vium's ghost]
 18328 | D:6      | Bought a +2 pair of boots of rampaging for 301 gold pieces
 18418 | D:7      | Bought a potion of mutation for 112 gold pieces
 18418 | D:7      | Bought a +1 helmet of intelligence for 231 gold pieces
 18429 | D:7      | Bought a potion of heal wounds for 70 gold pieces
 19000 | D:13     | Mangled by Dirphi Vium's ghost

Illustrated notes

Levels and vault maps discovered:
D:1:      amcnicky_arrival_single_pillar, layout_loops_cross
D:2:      layout_basic, corexii_hall_statues_s, grunt_decor_one_mirror,
          minivault_11
D:3:      layout_basic, bloody_makhleb, cheibrodos_worm_habitat,
          kennysheep_small_spiral, minmay_diced_spiral, uniq_grinder
D:4:      layout_basic, mainiacjoe_overflow_cross_hatched,
          minmay_temple_entry_hall, serial_shops, nicolae_stop_n_shop_2
D:5:      layout_cave_pools, mainiacjoe_overflow_catwalk,
          amethyst_overflow_temple_binary, cheibrodos_sewer_entry_drain
D:6:      layout_layer_cave, kennysheep_mini_moat, bloody_trog,
          lemuel_crystal_altar, mainiacjoe_overflow_large_starburst,
          serial_shops, nicolae_shop_trees, shop_coins, shop,
          nicolae_shop_behind_doors, shop, kennysheep_generic_room_3,
          uniq_eustachio
D:7:      layout_loops_ring, marbit_many_paths, serial_shops,
          nicolae_shop_waterfront, nicolae_square_shop, shop,
          nicolae_shop_statue_plus, shop
D:8:      layout_basic, erik_lair_island, serial_shops, shop
D:9:      hangedman_cross_stitches, layout_grid_maze, st_stairs_14
D:10:     layout_long_grid, nicolae_vehumet_radiance, david_orc_2,
          nicolae_trove_entry_crystal, enter_bailey_3, minmay_misc_feat_tower,
          lemuel_flame_loot_1
D:11:     layout_loops_cross, special_room [special_room_bee]
D:12:     layout_roguey, serial_shops, shop, uniq_kirke, uniq_azrael
D:13:     layout_loops_corners, david_vaults_3, gammafunk_ghost_nasty_kobolds
D:14:     layout_cave_pools, infiniplex_staircase_zigzag_4, lemuel_old_faithful,
          uniq_josephine

Skill      XL: |  1  2  3  4  5  6  7  8  9 10 11 12 13 14 |
---------------+-------------------------------------------+-----
Short Blades   | 3 4 5 6 7 8 9 10 | 10.0
Dodging        | 2 3 4 5 6 7 9 10 | 10.0
Stealth        | 6 7 8 9 10 11 12 | 12.0
Fighting       | 3 4 5 6 7 8 9 10 12 | 12.7
Invocations    | 1 2 4 5 6 8 10 | 10.0
Evocations     | 1 2 3 4 5 6 7 |  7.0
Armour         | 2 3 5 6 |  6.0
Throwing       | 5 |  5.0
Spellcasting   | 9 |  9.1

Action                   |  1- 3 |  4- 6 |  7- 9 | 10-12 | 13-15 || total
-------------------------+-------+-------+-------+-------+-------++-------
Melee: Dagger            |    84 |   180 |   709 |   502 |  1003 ||  2478
       Unarmed           |       |       |       |       |    13 ||    13
       Short sword       |       |       |       |       |    73 ||    73
Throw: Dart              |     2 |       |    12 |    60 |     5 ||    79
Invok: Minor Destruction |       |       |    19 |    46 |    52 ||   117
       Major Destruction |       |       |       |     7 |     9 ||    16
       Greater Servant o |       |       |       |       |     3 ||     3
       Lesser Servant of |       |       |       |       |     2 ||     2
Evoke: Phial of floods   |       |       |     1 |     1 |     1 ||     3
       Wand              |       |       |     2 |     7 |     4 ||    13
  Use: Scroll            |       |    11 |     1 |     7 |     5 ||    24
       Potion            |       |       |       |     1 |     8 ||     9
 Stab: Sleeping          |    20 |    23 |    15 |    21 |    14 ||    93
       Distracted        |       |       |     3 |     4 |     4 ||    11
       Paralysed         |       |       |     1 |     2 |     2 ||     5
Armor: Robe              |     9 |    28 |    23 |       |       ||    60
       Ring mail         |       |       |   166 |   156 |   303 ||   625
       Skin              |       |       |       |       |    13 ||    13
Dodge: Dodged            |    37 |    91 |   413 |   400 |   785 ||  1726
